 Dungeon Crawl Stone Soup version 0.23.1 (webtiles) character file.

Game seed: 14522876552920043666

2426 Kairos the Covert (level 9, -13/45 HPs)
             Began as a Vine Stalker Assassin on Mar 17, 2019.
             Was a Follower of Uskayaw.
             Shot with a bolt by an orc warrior (19 damage)
             ... in a bailey.
             The game lasted 00:12:37 (6083 turns).

Kairos the Covert (Vine Stalker Assassin)           Turns: 6083, Time: 00:12:38

Health: -13/45     AC: 12    Str: 14    XL:     9   Next: 48%
Magic:  0/10       EV:  5    Int: 14    God:    Uskayaw [*.....]
Gold:   323        SH:  9    Dex: 19    Spells: 8/8 levels left

rFire    . . .     SeeInvis .   A - +2 dagger (elec)
rCold    . . .     Gourm    .   I - +0 shield
rNeg     + . .     Faith    .   H - +1 chain mail of Day {*Drain rN+ MR++ rCorr Int+3}
rPois    .         Spirit   +   (no helmet)
rElec    .         Reflect  .   d - +0 cloak
rCorr    +         Harm     .   (no gloves)
MR       +++..                  (no boots)
Stlth    ++........             (no amulet)
HPRegen  0.55/turn              s - ring of stealth
MPRegen  0.12/turn              (no ring)

@: no status effects
A: fangs 3, regeneration 1, magic shield, antimagic bite, no potion heal 3, rot
immunity
a: Stomp, Renounce Religion


You were in a bailey.
You worshipped Uskayaw.
Uskayaw was noncommittal.
You were near starving.

You visited 2 branches of the dungeon, and saw 8 of its levels.
You also visited: Sewer and Bailey.

You collected 323 gold pieces.

Inventory:

Hand Weapons
 b - a +0 blowgun
 l - a +2 short sword of venom
 A - a +2 dagger of electrocution (weapon)
 B - a +1 dagger of speed
 E - a +0 short sword of flaming
Missiles
 e - 8 poisoned needles
 f - 7 curare-tipped needles
Armour
 d - a +0 cloak (worn)
 h - a +0 scale mail
 p - a +0 buckler
 H - the +1 chain mail of Day (worn) {*Drain rN+ MR++ rCorr Int+3}
   (You found it on level 6 of the Dungeon)

   It affects your intelligence (+3).
   It protects you from negative energy.
   It affects your resistance to hostile enchantments.
   It provides partial protection from all sources of acid and corrosion.
   It causes draining when unequipped.
 I - a +0 shield (worn)
Jewellery
 s - a ring of stealth (left hand)
Wands
 y - a wand of flame (19)
Scrolls
 j - 4 scrolls of remove curse
 m - 2 scrolls of fear
 q - 2 scrolls of identify
 r - 4 scrolls of teleportation {unknown}
 w - 3 scrolls of amnesia {unknown}
 x - 3 scrolls of enchant armour {unknown}
 C - 2 scrolls of enchant weapon {unknown}
 D - 2 scrolls of fog {unknown}
 F - a scroll of blinking {unknown}
 G - a scroll of noise {unknown}
Potions
 a - a potion of degeneration {unknown}
 i - 2 potions of agility
 k - 5 potions of curing
 n - 3 potions of magic
 o - 2 potions of mutation {unknown}
 t - 3 potions of flight {unknown}
 u - a potion of ambrosia {unknown}
 v - a potion of haste
 z - 3 potions of heal wounds {unknown}
Comestibles
 c - 2 chunks of flesh
 g - 6 rations


   Skills:
 + Level 4.0 Fighting
 + Level 6.3 Short Blades
 + Level 2.0 Throwing
 + Level 5.0 Armour
 + Level 2.7 Dodging
 + Level 9.1 Stealth
 + Level 2.3 Shields


You had 8 spell levels left.
You didn't know any spells.
Your spell library contained the following spells:

 Spells                   Type           Power        Failure   Level  Hunger
 Summon Small Mammal      Summ           #...         100%        1    ##.....
 Call Imp                 Summ           #.......     100%        2    ###....
 Call Canine Familiar     Summ           #.......     100%        3    ####...
 Summon Guardian Golem    Hex/Summ       #.......     100%        3    ####...
 Summon Ice Beast         Ice/Summ       #.......     100%        4    #####..
 Summon Lightning Spire   Summ/Air       #.......     100%        4    #####..


Dungeon Overview and Level Annotations

Branches:
Dungeon (7/15)             Temple (1/1) D:6

Altars:
Ashenzari
Dithmenos
Elyvilon
Gozag
Hepliaklqana
Okawaru
Qazlal
Ru
Sif Muna
Uskayaw
Wu Jian
Yredelemnul
The Shining One


Innate Abilities, Weirdness & Mutations

You have razor-sharp teeth.
Your natural rate of healing is unusually fast.
When hurt, damage is shared between your health and your magic reserves.
Your bite disrupts and absorbs the magic of your enemies.
Potions cannot restore your health.
You are immune to rotting.


Message History

You can no longer pass through a line of other dancers.
You see here a hippogriff corpse.
There is a flagged portal here.
The world spins around you as you enter the gateway.
You enter a bailey!
Found a gate leading back out of this place.
There is an empty arch of ancient stone here.
An orc warrior comes into view. It is wielding a +0 arbalest.
The orc warrior shouts!
You hear a shout!
The orc warrior shoots a bolt.
The bolt barely misses you.
You see here a bolt.
The orc warrior shoots a bolt.
The bolt hits you!
You hear a shout!
The orc warrior shoots a bolt.
The bolt hits you!
You see here a bolt.
The orc warrior shoots a bolt.
The bolt hits you!!
* * * LOW HITPOINT WARNING * * *
You see here a bolt.
The orc warrior shoots a bolt.
The bolt hits you!!
You die...

#......≈##.#
#......≈≈#o#≈≈≈≈≈≈≈≈≈≈
#......≈≈≈≈≈≈≈≈≈≈≈≈≈≈≈
#.....................
#.....................
#.....................
#.....................
#.∩...................
#∩...(...(.(..@.......
######################


You could see an orc warrior.

Vanquished Creatures
  A hippogriff (D:7)
  Sigmund (D:2)
  Menkaure (D:6)
  A sky beast (D:6)
  2 ogres
  A phantom (D:5)
  3 centaurs
  2 big kobolds (Sewer)
  3 bullfrogs
  2 scorpions (D:5)
  2 crimson imps
  A howler monkey (D:4)
  A bullfrog zombie (D:6)
  A centaur zombie (D:6)
  3 orc priests
  2 hounds (D:4)
  3 orc wizards
  A bullfrog skeleton (D:5)
  Terence (D:3)
  Jessica (D:2)
  Ijyb (D:3)
  2 iguanas
  A killer bee zombie (D:6)
  A hound zombie (D:5)
  Robin (D:2)
  3 gnolls (D:4)
  12 adders
  A howler monkey skeleton (D:4)
  6 oozes
  An adder skeleton (D:5)
  7 worms
  2 dart slugs
  3 leopard geckos
  12 orcs
  9 bats
  6 giant cockroaches
  2 gnoll zombies (D:3)
  13 goblins
  13 hobgoblins
  9 jackals
  21 kobolds
  3 quokkas
  7 ball pythons
  5 frilled lizards
  A jackal skeleton (D:4)
  10 rats
185 creatures vanquished.

Vanquished Creatures (others)
  A giant cockroach (D:3)
  A goblin (D:3)
2 creatures vanquished.

Grand Total: 187 creatures vanquished

Notes
Turn   | Place    | Note
-------+----------+-------------------------------------------
     0 | D:1      | Kairos the Vine Stalker Assassin began the quest for the
                  | Orb.
     0 | D:1      | Reached XP level 1. HP: 11/11 MP: 2/2
    51 | D:1      | Reached skill level 5 in Stealth
    63 | D:1      | Reached XP level 2. HP: 14/15 MP: 3/3
   910 | D:1      | Reached XP level 3. HP: 18/18 MP: 4/4
  1168 | D:2      | Reached skill level 6 in Stealth
  1187 | D:2      | Noticed Sigmund
  1191 | D:2      | Gained mutation: Your natural rate of healing is unusually
                  | fast. [Vine Stalker growth]
  1191 | D:2      | Reached XP level 4. HP: 19/23 MP: 5/5
  1234 | D:2      | Noticed Robin
  1261 | D:2      | Killed Robin
  1266 | D:2      | Reached skill level 1 in Dodging
  1786 | D:2      | Noticed Jessica
  1799 | D:2      | Reached XP level 5. HP: 26/26 MP: 6/6
  1804 | D:2      | Killed Jessica
  1804 | D:2      | Reached skill level 1 in Armour
  1884 | D:2      | Found an iron altar of Okawaru.
  2071 | D:2      | Killed Sigmund
  2071 | D:2      | Reached XP level 6. HP: 32/32 MP: 7/7
  2399 | D:3      | Noticed Ijyb
  2492 | D:3      | Killed Ijyb
  2497 | D:3      | Found a faded altar of an unknown god.
  2921 | D:3      | Reached XP level 7. HP: 35/35 MP: 8/8
  2949 | D:3      | Noticed Terence
  2953 | D:3      | Killed Terence
  3182 | D:3      | Found a basalt altar of Yredelemnul.
  3272 | D:4      | Reached skill level 7 in Stealth
  3706 | D:4      | Found a glowing drain.
  3711 | Sewer    | Entered a sewer
  4175 | Sewer    | Gained mutation: You have razor-sharp teeth. [Vine Stalker
                  | growth]
  4175 | Sewer    | Reached XP level 8. HP: 39/40 MP: 9/9
  4244 | Sewer    | Reached skill level 1 in Shields
  4422 | D:4      | Reached skill level 5 in Short Blades
  4564 | D:5      | Entered Level 5 of the Dungeon
  4782 | D:5      | Found a shadowy altar of Dithmenos.
  5320 | D:6      | Found a staircase to the Ecumenical Temple.
  5331 | Temple   | Entered the Ecumenical Temple
  5337 | Temple   | Became a worshipper of Uskayaw the Reveler
  5421 | D:6      | Reached * piety under Uskayaw
  5452 | D:6      | Reached ** piety under Uskayaw
  5457 | D:6      | Reached skill level 8 in Stealth
  5491 | D:6      | Reached XP level 9. HP: 45/45 MP: 10/10
  5497 | D:6      | Reached *** piety under Uskayaw
  5562 | D:6      | Found a stormy altar of Qazlal.
  5563 | D:6      | Noticed Menkaure
  5581 | D:6      | Killed Menkaure
  5583 | D:6      | Reached **** piety under Uskayaw
  5605 | D:6      | Reached ***** piety under Uskayaw
  5719 | D:6      | Found a hazy altar of Hepliaklqana.
  5861 | D:6      | Got a shimmering chain mail
  5872 | D:6      | Identified the +1 chain mail of Day {*Drain rN+ MR++ rCorr
                  | Int+3} (You found it on level 6 of the Dungeon)
  6029 | D:7      | Found a flagged portal.
  6042 | D:7      | Reached skill level 5 in Armour
  6042 | D:7      | Reached skill level 9 in Stealth
  6071 | Bailey   | Entered a bailey
  6083 | Bailey   | Shot with a bolt by an orc warrior

Skill      XL: |  1  2  3  4  5  6  7  8  9 |
---------------+----------------------------+-----
Stealth        | 5 6 7 8 9 |  9.1
Short Blades   | 2 3 4 5 6 |  6.3
Throwing       | 2 |  2.0
Fighting       | 2 3 4 |  4.0
Dodging        | 1 2 |  2.7
Armour         | 1 2 3 4 5 |  5.0
Shields        | 1 2 |  2.3

Action                   |  1- 3 |  4- 6 |  7- 9 || total
-------------------------+-------+-------+-------++-------
Melee: Dagger            |    27 |     2 |   441 ||   470
       Bite              |    17 |    37 |   133 ||   187
       Short sword       |    31 |   134 |       ||   165
  Use: Scroll            |       |       |     8 ||     8
 Stab: Sleeping          |     4 |     5 |    12 ||    21
       Distracted        |       |     1 |     3 ||     4
       Paralysed         |       |       |     5 ||     5
  Eat: Chunk             |       |     5 |     7 ||    12
       Ration            |       |       |     1 ||     1
Armor: Scale mail        |    25 |    51 |    72 ||   148
       Chain mail        |       |       |    23 ||    23
Dodge: Dodged            |    25 |    51 |   122 ||   198
Block: Buckler           |       |     9 |    53 ||    62
       Shield            |       |       |     8 ||     8
